 Dungeon Crawl Stone Soup version 0.31-a0-16-g6d25397 (webtiles) character file.

Game seed: 16103608110971882842

55412 Nithhogg the Severer (level 14, -1/135 HPs)
             Began as a Hill Orc Fighter on May 5, 2023.
             Was a High Priest of the Shining One.
             Slain by a swamp worm (16 damage)
             ... on level 1 of the Swamp on May 8, 2023.
             The game lasted 00:44:15 (17900 turns).

Nithhogg the Severer (Hill Orc Fighter)            Turns: 17900, Time: 00:44:15

Health: -1/135     AC: 28    Str: 24    XL:     14   Next: 77%
Magic:  15/26      EV: 13    Int: 13    God:    the Shining One [*****.]
Gold:   49         SH: 17    Dex: 14    Spells: 13/13 levels left

rFire   . . .        C - +5 battleaxe
rCold   x . .        (shield currently unavailable)
rNeg    + + +        p - +12 plate armour of Kuunul {Harm Dex+4}
rPois   +            (no helmet)
rElec   .            (no cloak)
rCorr   .            (no gloves)
SInv    +            (no boots)
Will    +....        B - amulet "Ycvafyh" {Reflect Harm Int+5 SH+5} Stlth
                     o - +5 ring of evasion
HPRegen 0.42/turn    G - ring "Jotirir" {rPois rC- rN+ Slay+6 SInv}
MPRegen 0.20/turn

%: harm (+45% outgoing, +30% incoming), reflection
@: divinely shielded, slowed, glowing, very slow
A: no striking features
a: Renounce Religion, Divine Shield, Cleansing Flame, Summon Divine Warrior


You were on level 1 of the Swamp.
You worshipped the Shining One.
The Shining One was extremely pleased with you.
You visited 5 branches of the dungeon, and saw 21 of its levels.
You visited 1 bazaar.

You collected 2221 gold pieces.
You spent 2008 gold pieces at shops.
You donated 164 gold pieces to Zin.

Inventory:

Hand Weapons
 C - a +5 battleaxe (weapon)
 X - a +4 eveningstar
 Y - a +5 spear
Missiles
 d - a curare-tipped dart
 x - 3 throwing nets (quivered)
 U - 6 poisoned darts
Armour
 m - a +4 plate armour
 p - the +12 plate armour of Kuunul (worn) {Harm Dex+4}
   (You bought it in a shop on level 2 of the Orcish Mines)

   Dex:       It affects your dexterity (+4).
   Harm:      It increases damage dealt and taken.
 t - a +7 chain mail of ponderousness
Jewellery
 o - a +5 ring of evasion (left hand)
 B - the amulet "Ycvafyh" (around neck) {Reflect Harm Int+5 SH+5}
   (You found it on level 6 of the Dungeon)

   [amulet of reflection]

   It reflects blocked missile attacks.
   Int:       It affects your intelligence (+5).
   SH:        It affects your SH (+5).
   Harm:      It increases damage dealt and taken.
 E - a ring of ice
 G - the ring "Jotirir" (right hand) {rPois rC- rN+ Slay+6 SInv}
   (You bought it in a shop on level 6 of the Dungeon)

   [ring of see invisible]

   Slay:      It affects your accuracy & damage with ranged weapons and melee
   (+6).
   rC:        It makes you vulnerable to cold.
   rPois:     It protects you from poison.
   rN:        It protects you from negative energy.
   SInv:      It lets you see invisible.
 J - a +5 ring of evasion
 K - a +6 ring of dexterity
 O - a +5 ring of evasion
Wands
 k - a wand of flame (9)
 F - a wand of acid (4)
 M - a wand of iceblast (13)
 T - a wand of polymorph (7)
Scrolls
 e - 3 scrolls of amnesia
 h - 3 scrolls of teleportation
 i - 4 scrolls of immolation
 l - a scroll of identify
 q - a scroll of enchant armour
 y - 5 scrolls of poison
 D - 2 scrolls of noise
 H - a scroll of fog
 L - 2 scrolls of torment
 N - a scroll of enchant weapon
 P - a scroll of fear
Potions
 a - 4 potions of ambrosia
 c - a potion of attraction
 f - 3 potions of flight
 g - 3 potions of magic
 j - 3 potions of degeneration
 n - 7 potions of curing
 s - 4 potions of lignification
 A - 2 potions of invisibility
 W - a potion of resistance
Miscellaneous
 r - a phantom mirror


   Skills:
 + Level 15.6 Fighting
 + Level 16.7 Axes
 + Level 14.4 Armour
 - Level 3.2 Shields
 + Level 16.4 Invocations


You had 13 spell levels left.
You didn't know any spells.
Your spell library contained the following spells:

 Spells                   Type           Power      Damage    Failure   Level
 Foxfire                  Conj/Fire      0%         2x1d4     94%         1
 Freeze                   Ice            0%         1d3       94%         1
 Sandblast                Erth           0%         2d4       94%         1
 Slow                     Hex            0%         N/A       94%         1
 Blink                    Tloc           0%         N/A       98%         2
 Call Imp                 Summ           0%         N/A       98%         2
 Lesser Beckoning         Tloc           0%         N/A       98%         2
 Momentum Strike          Conj/Tloc      0%         3d8       98%         2
 Passwall                 Tmut/Erth      0%         N/A       98%         2
 Sublimation of Blood     Necr           0%         N/A       98%         2
 Confusing Touch          Hex            0%         N/A       100%        3
 Frozen Ramparts          Ice            0%         1d1       100%        3
 Gell's Gravitas          Tloc           0%         N/A       100%        3
 Hailstorm                Conj/Ice       0%         3d3       100%        3
 Stone Arrow              Conj/Erth      0%         3d7       100%        3
 Teleport Other           Tloc           0%         N/A       100%        3
 Vampiric Draining        Necr           0%         2d6       100%        3
 Anguish                  Hex/Necr       0%         N/A       100%        4
 Animate Armour           Summ/Erth      0%         N/A       100%        4
 Cause Fear               Hex            0%         N/A       100%        4
 Fulminant Prism          Conj/Hex       0%         3d5       100%        4
 Petrify                  Tmut/Erth      0%         N/A       100%        4
 Irradiate                Conj/Tmut      0%         3d11      100%        5
 Silence                  Hex/Air        0%         N/A       100%        5
 Dispersal                Tloc           0%         N/A       100%        6
 Summon Cactus Giant      Summ           0%         N/A       100%        6
 Enfeeble                 Hex            0%         N/A       100%        7
 Lehudib's Crystal Spear  Conj/Erth      0%         10d2      100%        8
 Chain Lightning          Conj/Air       0%         N/A       100%        9


Dungeon Overview and Level Annotations

Branches:
Dungeon (13/15)            Temple (1/1) D:5            Lair (4/5) D:11
  Swamp (1/4) Lair:3       Spider (0/4) Lair:3        Slime (0/5) Lair:4
    Orc (2/2) D:12            Elf (0/3) Orc:2
 Vaults: D:13-14

Altars:
Ashenzari
Cheibriados
Dithmenos
Elyvilon
Fedhas
Gozag
Hepliaklqana
Kikubaaqudgha
Makhleb
Nemelex Xobeh
Okawaru
Qazlal
Ru
Sif Muna
Trog
Uskayaw
Vehumet
Wu Jian
Xom
Yredelemnul
Zin
The Shining One
Beogh

Shops:
D:3 *   D:6 =   D:11 [   Orc:2 !([=*=


Message History

You slice the swamp worm!! You block the swamp worm's attack.
A swamp worm comes into view.
The swamp worm bites you.
* * * LOW HITPOINT WARNING * * *
Activating: Cleansing Flame (0% risk of failure)
Press: ? - help, Dir - look around, f - activate The golden flame engulfs you but does no damage.
You resist.
The golden flame engulfs the swamp worm!!!
You kill the swamp worm!
You hear an angry buzzing noise. x3; You hear a shout!
The swamp worm fires a harpoon shot at you.
You block harpoon shot... and reflect it back!
The harpoon shot hits the swamp worm!
There is a stone staircase leading down, spattered with blood here.
You see here a swamp worm corpse.
A spriggan rider comes into view. It is wielding a +0 spear.
Found a falchion.
The spriggan rider shouts!
A vampire mosquito comes into view.
The swamp worm fires a harpoon shot at you.
The harpoon shot hits you but does no damage.
The spriggan rider hits you but does no damage.
Your divine shield is renewed.
A vampire mosquito comes into view.
The swamp worm fires a harpoon shot at you.
The harpoon shot hits you!
* * * LOW HITPOINT WARNING * * *
You are yanked forward by the harpoon shot.
The swamp worm bites you but does no damage.
The vampire mosquito moves out of view.
Okay, then.
You feel better. The swamp worm bites you!
* * * LOW HITPOINT WARNING * * *
The spriggan rider hits you but does no damage.
You block the swamp worm's attack.
Your divine shield is renewed.
A goliath frog comes into view.
The swamp worm bites you!
You die...

....~~~.......~♣
...~~~~..~..~~~.
>..~~~§~<...~...~.
...~~~~~.i♣♣....~~.
~~~~~§~..♣♣ ≈≈≈~~~§
§~~~~~..♣♣♣♣≈≈≈≈.~§
§~~~~...i~♣≈≈≈≈≈♣~~
~~~~~.....♣≈≈≈≈≈≈..
~~~~.~..†@♣≈≈≈≈≈♣
~~...§♣♣♣.w≈≈≈≈♣
~~...♣ ♣~~~♣≈♣~F.
..... ♣..(~♣ ..y..
♣~~..~~$ y..)
♣♣♣♣♣.~~~. ♣♣♣♣~~ ~


You could see a spriggan rider, a goliath frog (wandering) and a swamp worm.

Vanquished Creatures
  Frances (D:12)
  A thorn hunter (Swamp:1)
  An orc warlord (Orc:2)
  Erolcha (D:12)
  2 centaur warriors
  A hydra (Lair:4)
  4 two-headed ogres
  2 boulder beetles (D:11)
  Urug (D:12)
  4 death yaks (Lair:2)
  A sun demon (D:12)
  Nergalle (Lair:1)
  A bog body (Swamp:1)
  A swamp dragon (Swamp:1)
  2 orc knights (Orc:2)
  2 deep elf pyromancers (D:8)
  2 oklob plants (D:11)
  Pikel (D:8)
  An orc sorcerer (Orc:2)
  7 elephants
  An ugly thing (D:12)
  2 black mambas (Lair:3)
  2 rust devils
  A smoke demon (D:11)
  An orange demon (D:12)
  A gargoyle (D:7)
  5 cane toads
  An unseen horror (D:10)
  4 kobold demonologists (D:10)
  Psyche (D:8)
  3 rime drakes
  5 komodo dragons
  An ice devil (D:11)
  4 red devils (D:12)
  A hornet (D:7)
  2 trolls
  4 tyrant leeches (Lair:3)
  A polar bear (shapeshifter) (D:8)
  Prince Ribbit (D:9)
  Grinder (D:3)
  5 blink frogs (Lair:2)
  3 jumping spiders
  A ynoxinul (D:12)
  35 yaks
  8 slime creatures
  A shadow (D:10)
  A wraith (D:10)
  3 basilisks
  2 vampires
  A wyvern (Lair:3)
  A basilisk (shapeshifter) (D:8)
  5 steam dragons
  2 redbacks (Lair:3)
  7 vampire mosquitoes
  4 swamp worms
  A warg (Orc:2)
  An acid dragon (D:11)
  9 water moccasins
  A sky beast (D:7)
  A hornet zombie (D:8)
  An ice beast (D:5)
  2 black bears
  11 orc warriors
  4 ogres
  33 wolves
  7 centaurs
  A lemure (D:8)
  Blork the orc (Orc:2)
  A phantom (D:5)
  8 kobold brigands
  16 bullfrogs
  2 wyvern zombies (D:8)
  2 gnoll sergeants
  3 scorpions
  7 wights
  6 killer bees
  An electric eel (Lair:4)
  A lava snake (Lair:4)
  3 centaur zombies (D:8)
  2 quasits (D:12)
  6 hounds
  4 jellies
  9 orc priests
  Crazy Yiuf (D:3)
  Jessica (D:3)
  4 iguanas
  16 orc wizards
  A killer bee zombie (D:8)
  A howler monkey zombie (D:8)
  12 gnolls
  7 adders
  2 shadow imps
  A white imp (D:6)
  An ufetubus (D:6)
  3 worms
  A dart slug (D:1)
  56 orcs
  5 bats
  7 endoplasms
  3 giant cockroaches
  6 goblins
  6 hobgoblins
  4 jackals (D:4)
  3 quokkas
  9 ball pythons
  5 frilled lizards
  23 kobolds
  4 rats
484 creatures vanquished.

Vanquished Creatures (collateral kills)
  An orc high priest (Orc:2)
  2 orc knights (Orc:2)
  2 orc sorcerers (Orc:2)
  6 orc warriors (Orc:2)
  An ogre (Orc:2)
  4 orc wizards (Orc:2)
  5 orcs (Orc:2)
21 creatures vanquished.

Vanquished Creatures (others)
  A bloated husk (Swamp:1)
  A swamp worm (Swamp:1)
  2 kobolds (D:8)
4 creatures vanquished.

Grand Total: 509 creatures vanquished

Notes
Turn   | Place    | Note
-------+----------+-------------------------------------------
     0 | D:1      | Nithhogg the Hill Orc Fighter began the quest for the Orb.
     0 | D:1      | Reached XP level 1. HP: 19/19 MP: 1/1
   107 | D:1      | Upgraded the game from 0.31-a0-7-g5178367 to
                  | 0.31-a0-16-g6d25397
   138 | D:1      | Reached XP level 2. HP: 26/27 MP: 2/2
   229 | D:1      | Reached skill level 1 in Invocations
   848 | D:1      | Reached XP level 3. HP: 31/33 MP: 4/4
  1337 | D:2      | Reached XP level 4. HP: 18/40 MP: 5/5
  1568 | D:2      | Found a faded altar of an unknown god.
  1747 | D:3      | Noticed Grinder
  1749 | D:3      | Paralysed by Grinder for 3 turns
  1774 | D:3      | Killed Grinder
  1775 | D:3      | Reached skill level 5 in Fighting
  1775 | D:3      | Reached XP level 5. HP: 36/48 MP: 5/7
  1775 | D:3      | Reached XP level 6. HP: 43/56 MP: 5/8
  2008 | D:3      | Noticed Jessica
  2012 | D:3      | Killed Jessica
  2098 | D:3      | Found Zin's Purification Station.
  2098 | D:3      | Found a glowing silver altar of Zin.
  2109 | D:3      | Became a worshipper of Zin the Law-Giver
  2109 | D:3      | Reached * piety under Zin
  2113 | D:3      | Donated 71 gold pieces to Zin
  2147 | D:3      | Donated 35 gold pieces to Zin
  2160 | D:3      | Found a shadowy altar of Dithmenos.
  2370 | D:3      | Found a runed translucent door.
  2371 | D:3      | Noticed Crazy Yiuf
  2377 | D:3      | Killed Crazy Yiuf
  2635 | D:4      | Reached skill level 5 in Axes
  2682 | D:4      | Reached skill level 5 in Armour
  2740 | D:4      | Reached XP level 7. HP: 59/61 MP: 10/10
  2803 | D:4      | Found a snail-covered altar of Cheibriados.
  2949 | D:4      | Reached ** piety under Zin
  3229 | D:4      | You fall into a shaft and drop 1 floor!
  3229 | D:5      | Entered Level 5 of the Dungeon
  3286 | D:5      | Reached skill level 5 in Invocations
  3335 | D:5      | Donated 38 gold pieces to Zin
  3457 | D:5      | Reached XP level 8. HP: 60/71 MP: 10/12
  3499 | D:5      | Found a staircase to the Ecumenical Temple.
  3548 | Temple   | Entered the Ecumenical Temple
  3606 | Temple   | Fell from the grace of Zin
  3606 | Temple   | Became a worshipper of the Shining One
  4300 | D:5      | Found a hazy altar of Hepliaklqana.
  4441 | D:6      | Identified the amulet "Ycvafyh" {Reflect Harm Int+5 SH+5}
  4645 | D:6      | Reached * piety under the Shining One
  4671 | D:6      | Reached XP level 9. HP: 75/79 MP: 14/14
  4963 | D:6      | Found Vighoam's Jewellery Shop.
  5295 | D:7      | Noticed a gargoyle
  5299 | D:7      | Killed a gargoyle
  5835 | D:7      | Found a sparkling altar of Nemelex Xobeh.
  6014 | D:7      | Noticed a hornet
  6018 | D:7      | Killed a hornet
  6289 | D:8      | Noticed a hornet
  6291 | D:8      | a hornet changed into a polar bear
  6291 | D:8      | Noticed a polar bear (shapeshifter)
  6293 | D:8      | Killed a polar bear
  6311 | D:8      | Reached XP level 10. HP: 70/91 MP: 16/16
  6458 | D:8      | Found a basalt altar of Yredelemnul.
  6582 | D:8      | Noticed Psyche
  6591 | D:8      | Killed Psyche
  6618 | D:8      | Noticed a two-headed ogre
  6626 | D:8      | Killed a two-headed ogre
  6627 | D:8      | Reached skill level 10 in Axes
  6648 | D:8      | Reached ** piety under the Shining One
  6650 | D:8      | Noticed a deep elf pyromancer
  6852 | D:8      | Killed a deep elf pyromancer
  6853 | D:8      | Reached skill level 10 in Fighting
  6853 | D:8      | Reached skill level 10 in Invocations
  7090 | D:8      | Noticed a deep elf pyromancer
  7093 | D:8      | Killed a deep elf pyromancer
  7279 | D:8      | Noticed Pikel
  7285 | D:8      | Killed Pikel
  7286 | D:8      | Reached XP level 11. HP: 95/101 MP: 17/19
  8080 | D:9      | Reached skill level 10 in Armour
  8593 | D:9      | Noticed Prince Ribbit
  8600 | D:9      | Killed Prince Ribbit
  8715 | D:10     | Entered Level 10 of the Dungeon
  8739 | D:10     | Noticed a soul eater
  8815 | D:10     | Reached *** piety under the Shining One
  8950 | D:10     | Noticed a two-headed ogre
  8957 | D:10     | Killed a two-headed ogre
  9254 | D:11     | Noticed a two-headed ogre
  9262 | D:11     | Killed a two-headed ogre
  9360 | D:11     | Noticed a boulder beetle
  9476 | D:11     | Noticed an oklob plant
  9476 | D:11     | Noticed an oklob plant
  9477 | D:11     | Found a staircase to the Lair.
  9547 | D:11     | Killed a boulder beetle
  9714 | D:11     | Reached XP level 12. HP: 112/112 MP: 21/21
  9872 | D:11     | Noticed a centaur warrior
  9875 | D:11     | Noticed a boulder beetle
  9879 | D:11     | Killed a centaur warrior
  9894 | D:11     | Killed a boulder beetle
 10354 | D:11     | Found Ebuuss's Antique Armour Shop.
 10605 | D:12     | Noticed Urug
 10608 | D:12     | Noticed a two-headed ogre
 10874 | D:12     | Reached **** piety under the Shining One
 10950 | D:11     | Identified a scroll of acquirement
 10953 | D:11     | Acquired 738 gold pieces
 11087 | D:6      | Bought the ring "Jotirir" {rPois rC- rN+ Slay+6 SInv} for
                  | 631 gold pieces
 11214 | D:12     | Noticed Frances
 11394 | Lair:1   | Entered Level 1 of the Lair of Beasts
 11592 | Lair:1   | Noticed Nergalle
 11601 | Lair:1   | Killed Nergalle
 12780 | Lair:2   | Found a shimmering altar of Xom.
 12871 | Lair:2   | Reached XP level 13. HP: 118/122 MP: 23/23
 13545 | Lair:3   | Found a hole to the Spider Nest.
 13764 | Lair:3   | Found the +3 giant club "Skullcrusher" {speed, Str+7}
 13853 | Lair:3   | Reached skill level 15 in Axes
 14086 | Lair:3   | Found a staircase to the Swamp.
 14491 | Lair:4   | Reached skill level 15 in Invocations
 14961 | Lair:4   | Found a staircase to the Slime Pits.
 15119 | D:12     | Noticed Erolcha
 15122 | D:12     | Reached ***** piety under the Shining One
 15126 | D:12     | Killed Erolcha
 15130 | D:12     | Reached XP level 14. HP: 128/133 MP: 25/25
 15132 | D:12     | Killed Urug
 15714 | D:12     | Killed Frances
 15715 | D:12     | Reached skill level 15 in Fighting
 15924 | D:12     | Found a staircase to the Orcish Mines.
 16246 | D:12     | Got the Notes on Shapes and the Impact
 16544 | D:13     | Got Geiquh's Parchment of the Sixfirhy and the Band
 16568 | Orc:1    | Entered Level 1 of the Orcish Mines
 16729 | Orc:1    | Found a roughly hewn altar of Beogh.
 16802 | Orc:2    | Entered Level 2 of the Orcish Mines
 16837 | Orc:2    | Noticed Blork the orc
 16838 | Orc:2    | Noticed an orc warlord
 16850 | Orc:2    | Paralysed by an orc sorcerer for 3 turns
 16855 | Orc:2    | Found a roughly hewn altar of Beogh.
 16870 | Orc:2    | Killed an orc warlord
 16871 | Orc:2    | Found Doviw's Jewellery Shop.
 16875 | Orc:2    | Killed Blork the orc
 16880 | Orc:2    | Found Icap's General Store.
 16883 | Orc:2    | Found Xushaot's Antique Weapon Shop.
 16885 | Orc:2    | Found Ocyu's Antique Armour Shop.
 16910 | Orc:2    | Found Udwelomm's Distillery.
 16914 | Orc:2    | Found Waozuapn's Jewellery Emporium.
 16954 | Orc:2    | Found a flickering gateway to a bazaar.
 16959 | Bazaar   | Entered a bazaar
 17148 | Bazaar   | Found Bososseb's Jewellery Boutique.
 17170 | Bazaar   | Found Ettuajum's Book Emporium.
 17191 | Bazaar   | Found Seoplom's Book Boutique.
 17211 | Bazaar   | Found Jarhu's Book Shoppe.
 17575 | Orc:2    | Found a staircase to the Elven Halls.
 17739 | Orc:2    | Bought the +12 plate armour of Kuunul {Harm Dex+4} for 1377
                  | gold pieces
 17863 | Swamp:1  | Entered Level 1 of the Swamp
 17866 | Swamp:1  | Noticed a thorn hunter
 17882 | Swamp:1  | Killed a thorn hunter
 17900 | Swamp:1  | Slain by a swamp worm

Illustrated notes

Levels and vault maps discovered:
D:1:      lightli_arrival_statuegarden, layout_basic
D:2:      layout_basic, ebering_ecumenical_altar_box
D:3:      layout_loops_ring, zin_purify, nicolae_dithmenos_shadow_blocks,
          dk_noncrumbling_4, uniq_grinder, uniq_crazy_yiuf_cottage, uniq_jessica
D:4:      layout_gridville, mainiacjoe_overflow_cross_hatched,
          dreamdust_gnoll_farm
D:5:      layout_basic, kennysheep_mini, minmay_temple_entry_slanted
D:6:      layout_loops_ring, serial_shops, shop, grunt_decor_cap,
          minmay_misc_feat_pillars, chequers_decorated_corner,
          chequers_serial_rivers_marsh
D:7:      layout_basic, lemuel_doored_altar, chequers_jeans
D:8:      minmay_diamond_stairs, layout_loops_ring,
          nicolae_yredelemnul_corpse_copse, uniq_pikel, uniq_psyche
D:9:      layout_irregular_city, serial_rivers, chequers_serial_rivers_micro_a,
          chequers_serial_rivers_micro_e, chequers_serial_rivers_small_b,
          chequers_serial_rivers_micro_b, uniq_prince_ribbit1
D:10:     layout_basic
D:11:     layout_basic, dpeg_oklobed_lair, serial_shops, shop
D:12:     layout_loops_ring, orc_0_dummy, serial_demonic, serial_demonic_b,
          serial_demonic_a, serial_demonic_g, serial_demonic_a,
          einodemon_armed_red_devil_minivault, uniq_frances, uniq_erolcha,
          uniq_urug
D:13:     layout_roguey, gammafunk_ghost_icy
Temple:   nicolae_temple_superstar
Lair:1:   layout_layer_cave, uniq_nergalle
Lair:2:   layout_chaotic_city, basic_altar, lemuel_fruit_tree
Lair:3:   layout_big_grid, minmay_swamp_entry_worms, spider_nest_entry_a,
          grunt_forest_small_clearings, uniq_rupert
Lair:4:   layout_gridlike, dpeg_slime_entry_enclosed
Swamp:1:  layout_basic_swamp, evilmike_swamp_ruin_rubble_2, swamp_pool1,
          nicolae_swamp_wisp_ring_woods
Orc:1:    layout_caves, nicolae_orc_lost_temple
Orc:2:    grunt_orc_cross, layout_caves, serial_shops, bzr_entry_gold, shop,
          nicolae_shop_tiny_glass, mines2_lemuel

Skill      XL: |  1  2  3  4  5  6  7  8  9 10 11 12 13 14 |
---------------+-------------------------------------------+-----
Axes           | 3 4 5 6 7 9 11 12 14 15 16 | 16.7
Invocations    | 1 2 3 4 5 7 8 10 12 13 15 16 | 16.4
Fighting       | 4 5 6 7 9 10 11 13 14 15 | 15.6
Armour         | 4 5 6 8 9 11 12 13 14 | 14.4
Shields        | |  3.2

Action                     |  1- 3 |  4- 6 |  7- 9 | 10-12 | 13-15 || total
---------------------------+-------+-------+-------+-------+-------++-------
  Melee: War axe           |    92 |   112 |   143 |       |       ||   347
         Punch             |       |     1 |     1 |       |       ||     2
         Battleaxe         |       |       |    62 |   413 |   323 ||   798
         Dire flail        |       |       |       |       |     3 ||     3
 Invoke: Donate Gold       |       |     2 |     1 |       |       ||     3
         Cleansing Flame   |       |       |       |     1 |     7 ||     8
         Divine Shield     |       |       |       |     1 |     3 ||     4
         Summon Divine War |       |       |       |       |     2 ||     2
    Use: Scroll            |       |     4 |     4 |     9 |    12 ||    29
         Potion            |       |     1 |     2 |     2 |     5 ||    10
 Armour: Scale mail        |    43 |    37 |     6 |       |       ||    86
         Chain mail        |       |       |   114 |   142 |   167 ||   423
         Plate armour      |       |       |       |       |    15 ||    15
  Dodge: Dodged            |    55 |    98 |   128 |   265 |   197 ||   743
  Block: Other             |       |       |     6 |    73 |    85 ||   164
         Reflection        |       |       |       |     1 |     6 ||     7

Table legend: (Time is in decaauts)
 A = Elapsed time spent in this place.
 B = Non-inter-level travel time spent in this place.
 C = Inter-level travel time spent in this place.
 D = Time resting spent in this place.
 E = Time spent auto-exploring this place.
 F = Levels seen in this place.
 G = Mean time per level.
                   A        B        C        D        E       F      G
               +--------+--------+--------+--------+--------+-----+--------+
         Total |  18941 |  17953 |    988 |   1092 |  13976 |  22 |  861.0 |
       Dungeon |  13517 |  12835 |    682 |    771 |  10050 |  13 | 1039.8 |
        Temple |    135 |    117 |     18 |      0 |     94 |   1 |  135.0 |
          Lair |   3972 |   3760 |    212 |    321 |   2893 |   4 |  993.0 |
         Swamp |     48 |     48 |      0 |      0 |      0 |   1 |   48.0 |
  Orcish Mines |    967 |    893 |     74 |      0 |    662 |   2 |  483.5 |
        Bazaar |    300 |    300 |      0 |      0 |    276 |   1 |  300.0 |
               +--------+--------+--------+--------+--------+-----+--------+

Top non-repeatable levels by time:
    D:11: 2020 daAuts
    D:12: 1649 daAuts
  Lair:1: 1398 daAuts
     D:9: 1337 daAuts
     D:8: 1294 daAuts
     D:7: 1205 daAuts
  Lair:2: 1143 daAuts
     D:5: 1114 daAuts
     D:6: 1004 daAuts
     D:1: 980 daAuts
  Lair:3: 851 daAuts
     D:3: 846 daAuts
     D:2: 785 daAuts
     D:4: 707 daAuts
   Orc:2: 687 daAuts
